Zazza, lawful female dwarven Valkyrie -- .-- ----- ..| --- ------...| ..| |. ---..--....| ..| |. | --........------.| -- ..-. ---..|......||...|.-- |.----..-- --..----.....--......--- -...|...| |..-| |...............---......-- ---- --...-- -----.---.................-- |..-- -- |.....------------.................------...------.--- |..............................................>.I...| |-....-----------------.............----.........I...-- |.....---- |...............-----.--..........| ----.....-- ---.---.|<..........| ---|-.....---.- |......| |...| -----.........| |....--- . |.....-- --.--- |....|..--- |....| - |.....| --...-- -..------ --...| ---...| |.*...| |...| ---.| --.-- --.---- --..| --- --- --- ---- Zazza the Skirmisher Experience level: 4 Strength: 18/06 Dexterity: 13 Constitution: 17 Intelligence: 7 Wisdom: 6 Charisma: 10 Health: 0(50) Energy: 4(4) Def: 4 Gold: 259 Moves: 2548 Dungeon seed: La6IuvOFujW1_L9S Game ID: Zazza_1528735181 Your Inventory: Coins $ - 259 gold pieces Weapons a - a +1 long sword (weapon in hand) b - a +0 dagger m - 9 +0 darts o - a blessed +0 knife v - a blessed +1 orcish dagger w - 11 +1 arrows x - a +0 bow Armor e - an uncursed +3 small shield (being worn) B - an uncursed +0 ring mail F - an uncursed +2 mummy wrapping Y - an uncursed +0 oilskin cloak Comestibles c - an uncursed food ration Scrolls d - an uncursed scroll of confuse monster f - an uncursed scroll of identify q - a blessed scroll of gold detection t - an uncursed scroll of enchant armor Potions l - 2 uncursed potions of speed E - a cursed potion of booze Rings n - an uncursed ring of regeneration Wands k - a wand of sleep (0:7) p - a wand of polymorph (0:4) Tools s - 11 uncursed tallow candles (0:200) H - an uncursed tin opener Gems r - 2 uncursed worthless pieces of violet glass y - an uncursed worthless piece of yellow glass z - an uncursed worthless piece of black glass A - an uncursed worthless piece of white glass C - 2 uncursed worthless pieces of orange glass D - an uncursed worthless piece of yellowish brown glass G - an uncursed worthless piece of blue glass N - an uncursed garnet stone Spells and supernatural/magical abilities: Name Level Category Fail Memory W - pray for help -- divine ? -- Your skills at the end: Fighting Skills Weapon Skills dagger [Basic] long sword [Basic] Spellcasting Skills Final Attributes: You were piously aligned. You were cold resistant. You were blinded. You had infravision. You were stealthy. You are dead. Vanquished creatures: a yellow light a kobold mummy a baby crocodile 2 giant ants a kitten 3 rothes an acid blob a brown mold a yellow mold 4 gnomes a gnome zombie a gecko 7 jackals 2 foxes 3 kobolds 2 goblins 3 grid bugs a bat 5 lichens a kobold zombie 5 newts 47 creatures vanquished. Voluntary challenges: You had been an atheist until turn 2545. You used a wielded weapon 34 times, starting on turn 2. You were illiterate. You never genocided any monsters. You never polymorphed an object. You never changed form. You used no wishes. You never split a pudding. You never wrote Elbereth's name. You violated your moral code, losing 2 points of alignment, starting on turn 2539. Dungeon overview: The Dungeons of Doom: levels 1 to 3 Level 1 a fountain a long staircase Level 2 a fountain Level 3 a fountain stairs to The Gnomish Mines The Gnomish Mines: levels 4 to 6 Level 4 stairs to The Dungeons of Doom Level 5 Level 6 <- You were here History has recorded: On T:1 you entered the Dungeons of Doom to retrieve the Amulet of Yendor! On T:515 you reached level 2 of The Dungeons of Doom. On T:910 you advanced to experience level 2. On T:1152 you reached level 3 of The Dungeons of Doom. On T:1598 you advanced to experience level 3. On T:1611 you reached level 1 of The Gnomish Mines. On T:1990 you reached level 2 of The Gnomish Mines. On T:2145 you advanced to experience level 4. On T:2373 you reached level 3 of The Gnomish Mines. Score breakdown: Gold: 259 ( 8214 points) Experience: 4 levels ( 9649 points) Exploration: 6 levels ( 13.04%) (10000 points) Discoveries: 0 items ( 0.00%) ( 0 points) Valuables value: (no points given unless you survive) Artifact value: 0 ( 0 points) Variety of kills: 21 monsters ( 5.51%) ( 7043 points) Turncount: 2548 turns ( -358 points) Survival: died (score multiplied by 80%) Total score: 27638 Latest messages: The yellow light explodes! You are blinded by a blast of light! It gets angry! Wait! There's something there you can't see! It hits! It grunts. It hits! It grunts. It hits! It grunts. It hits! It grunts. It hits! You begin praying to Tyr. You feel something move nearby. (2x) You feel that Tyr is well-pleased. It gets angry! Wait! There's something there you can't see! It hits! (2x) You die... Final status: Farvel Zazza the Valkyrie, killed by a gnome... You died in The Gnomish Mines on dungeon level 6 with 27638 points, and 259 pieces of gold, after 2548 moves. You were level 4 with a maximum of 50 hit points when you died.